 Dungeon Crawl Stone Soup version 0.20-b1 (webtiles) character file.

71 CanadianGator the Ogre Mage (level 4, -1/39 HPs)
             Began as an Ogre Wizard on May 25, 2017.
             Slain by a jackal (2 damage)
             ... on level 2 of the Dungeon on May 26, 2017.
             The game lasted 00:07:48 (1322 turns).

CanadianGator the Ogre Mage (Ogre Wizard)           Turns: 1322, Time: 00:07:48

Health: -1/39      AC:  7    Str:  8 (11) XL:     4   Next: 24%
Magic:  0/10       EV:  9    Int: 21 (24) God:
Gold:   63         SH:  0    Dex:  6 (8)  Spells: 3/12 levels left

rFire    . . .     SeeInvis .   i - +0 whip
rCold    . . .     Gourm    .   (no shield)
rNeg     . . .     Faith    .   a - +0 robe
rPois    .         Spirit   .   b - +0 hat
rElec    .         Reflect  .   (no cloak)
rCorr    .         Harm     .   (gloves unavailable)
MR       .....                  (boots unavailable)
Stlth    +.........             (no amulet)
Regen    0.2/turn               g - +4 ring of protection
MPRegen  0.2/turn               n - ring of flight

@: brilliant, lethally poisoned (-1 -> -3)
A: unfitting armour, tough skin 1
a: Evoke Flight


You were on level 2 of the Dungeon.
You were very hungry.

You visited 1 branch of the dungeon, and saw 2 of its levels.

You collected 63 gold pieces.

Inventory:

Hand Weapons
 i - a +0 whip (weapon)
Missiles
 h - 6 tomahawks (quivered)
 o - 5 stones
Armour
 a - a +0 robe (worn)
 b - a +0 hat (worn)
Jewellery
 g - a +4 ring of protection (left hand)
 n - a ring of flight (right hand)
Scrolls
 e - a scroll of identify {unknown}
 f - 2 scrolls of enchant armour {unknown}
 l - a scroll of noise {unknown}
 m - a scroll of amnesia {unknown}
 p - 2 scrolls of remove curse {unknown}
Books
 c - a book of Minor Magic

   Spells                             Type                      Level
   a - Magic Dart                     Conjuration                  1
   b - Blink                          Translocation                2
   c - Call Imp                       Summoning                    2
   d - Slow                           Hexes                        2
   e - Conjure Flame                  Conjuration/Fire             3
   f - Mephitic Cloud                 Conjuration/Poison/Air       3
Comestibles
 d - 2 bread rations
 q - a royal jelly


   Skills:
 + Level 1.6 Throwing
 - Level 1.7 Dodging
 - Level 1.4 Stealth
 * Level 4.7 Spellcasting
 + Level 1.9 Conjurations
   Level 0.8 Summonings
 - Level 0.8 Translocations


You had 3 spell levels left.
You knew the following spells:

 Your Spells              Type           Power        Failure   Level  Hunger
a - Magic Dart            Conj           ####         1%          1    None
b - Blink                 Tloc           N/A          1%          2    #......
c - Conjure Flame         Conj/Fire      ###.....     2%          3    ##.....
d - Mephitic Cloud        Conj/Pois/Air  ###.....     3%          3    ##.....


Dungeon Overview and Level Annotations

Branches:
Dungeon (2/15)

Altars:


Innate Abilities, Weirdness & Mutations

You are too large for most types of armour.
You have tough skin. (AC +1)


Message History

The jackal bites you but does no damage.
The jackal bites you.
* * * LOW HITPOINT WARNING * * *
The jackal completely misses you.
The giant cockroach bites you but does no damage.
Unknown command.
Casting: Blink
Confirm with . or Enter, or press ? or * to list all spells.
You don't have enough magic to cast that spell.
You barely miss the giant cockroach.
The jackal bites you but does no damage.
The jackal bites you.
* * * LOW HITPOINT WARNING * * *
The jackal barely misses you. The giant cockroach closely misses you.
You closely miss the giant cockroach.
* * * LOW HITPOINT WARNING * * *
You feel sick.
The jackal bites you but does no damage.
The jackal bites you.
You die...

### #####.##(hh....#
...
##.......########
###.#.....##.#...%.#
....#.###.##.#...(.#
......# #.††.......#
....#.###.##.#.....#
###.#.....##.#.Sh..#
....##.........hh###
######..#..#####@#
#.......# #s#
#....#..# ..#
#..#....##.##$. #
#.............# #
##.###..########
###.## #.# ##.## #.#
.[.# .#


You could see an adder, 3 jackals and a giant cockroach.

Vanquished Creatures
  2 adders (D:2)
  3 dart slugs
  A leopard gecko (D:1)
  3 giant cockroaches
  4 goblins
  7 hobgoblins
  3 jackals (D:2)
  6 kobolds
  A ball python (D:1)
  3 bats
  5 frilled lizards
  6 rats
44 creatures vanquished.

Notes
Turn   | Place    | Note
-------+----------+-------------------------------------------
     0 | D:1      | CanadianGator the Ogre Wizard began the quest for the Orb.
     0 | D:1      | Reached XP level 1. HP: 16/16 MP: 5/5
    67 | D:1      | Reached skill level 1 in Conjurations
   284 | D:1      | Reached skill level 1 in Throwing
   284 | D:1      | Reached XP level 2. HP: 24/24 MP: 1/6
   409 | D:1      | Reached skill level 4 in Spellcasting
   509 | D:1      | Reached XP level 3. HP: 31/31 MP: 1/8
   559 | D:1      | Learned a level 2 spell: Blink
   563 | D:1      | Learned a level 3 spell: Conjure Flame
   567 | D:1      | Learned a level 3 spell: Mephitic Cloud
  1249 | D:2      | Reached XP level 4. HP: 37/39 MP: 2/10
  1321 | D:2      | HP: 1/39 [jackal (1)]
  1322 | D:2      | Slain by a jackal

Skill      XL: |  1  2 |
---------------+-------+-----
Conjurations   | 1 |  1.9
Throwing       | 1 |  1.6
Spellcasting   | 4 |  4.7
Dodging        | |  1.7
Stealth        | |  1.4
Summonings     | |  0.8
Translocations | |  0.8

Action                   |  1- 3 |  4- 6 || total
-------------------------+-------+-------++-------
Melee: Unarmed           |    32 |       ||    32
       Whip              |    33 |    60 ||    93
Throw: Tomahawk          |    15 |       ||    15
 Cast: Magic Dart        |    72 |     1 ||    73
       Blink             |       |     5 ||     5
  Use: Potion            |       |     2 ||     2
Armor: Robe              |    33 |    33 ||    66
Dodge: Dodged            |    26 |    51 ||    77
